| TOP OF THE 1ST |
|
Pensacola Blue Wahoos batting - Pitching for San Antonio Missions : LHP Luis Sanchez
|
|
Pitching: LHP Luis Sanchez
|
|
|
Batting: RHB Tony Casas
|
0-0: Foul Ball, location: 2F 0-1: Ball 1-1: Swinging Strike 1-2: Strikes out looking
|
|
Batting: RHB Sang-ton Pak
|
0-0: Ball 1-0: Ball 2-0: Ball 3-0: Called Strike 3-1: Fly out, F7 (Flyball, 7, EV 79.4 MPH)
|
|
Batting: RHB Mike Alm
|
0-0: Ball 1-0: Called Strike 1-1: Foul Ball, location: 2F 1-2: Strikes out swinging
|
| Top of the 1st over - 0 runs, 0 hits, 0 errors, 0 left on base; Pensacola 0 - San Antonio 0 |
| BOTTOM OF THE 1ST |
|
San Antonio Missions batting - Pitching for Pensacola Blue Wahoos : LHP Dave Schmidt
|
|
Pitching: LHP Dave Schmidt
|
|
|
Batting: RHB Dave McBain
|
0-0: Called Strike 0-1: Ball 1-1: Ball 2-1: Foul Ball, location: 2F 2-2: Fly out, F7 (Flyball, 7, EV 68.8 MPH)
|
|
Batting: RHB Freddie Brown
|
0-0: Ball 1-0: SOLO HOME RUN (Flyball, 7D, EV 94.4 MPH), Distance : 358 ft
|
|
Batting: RHB Mike Maserang
|
0-0: Reached on error, E6 (Groundball, 6, EV 84.4 MPH)
|
|
Batting: RHB John Freeman
|
0-0: Ball 1-0: Ball 2-0: Called Strike 2-1: Ball 3-1: Foul Ball, location: 2F 3-2: Foul Ball, location: 2F 3-2: SINGLE (Groundball, 34D, EV 98.8 MPH) Mike Maserang to second Runner from 2nd tries for 3rd, SAFE, throw by RF made to third
|
|
Batting: RHB Jaden Scott
|
0-0: Ball 1-0: Swinging Strike 1-1: Called Strike 1-2: Ball 2-2: SINGLE (Groundball, 5L, EV 100.0 MPH) Mike Maserang scores John Freeman to second
|
|
Batting: RHB Adrian Martinelli
|
0-0: Foul Ball, location: 2F 0-1: Fly out, F7 (Flyball, 78M, EV 93.1 MPH)
|
|
Batting: RHB Joe Weissman
|
0-0: Ground out 4-3 (Groundball, 4, EV 79.4 MPH)
|
| Bottom of the 1st over - 2 runs, 3 hits, 1 error, 2 left on base; Pensacola 0 - San Antonio 2 |
| TOP OF THE 2ND |
|
Pensacola Blue Wahoos batting - Pitching for San Antonio Missions : LHP Luis Sanchez
|
|
Batting: RHB Juan Reyes
|
0-0: Ball 1-0: Ground out 6-3 (Groundball, 56, EV 101.2 MPH)
|
|
Batting: RHB Jordan Torres
|
0-0: SINGLE (Groundball, 6MD, EV 103.8 MPH)
|
|
Batting: RHB Joe Kooyers
|
0-0: Foul Ball, location: 2F 0-1: Called Strike 0-2: Ball 1-2: Grounds into double play, 5-4-3 (Groundball, 56, EV 80.6 MPH)
|
| Top of the 2nd over - 0 runs, 1 hit, 0 errors, 0 left on base; Pensacola 0 - San Antonio 2 |
| BOTTOM OF THE 2ND |
|
San Antonio Missions batting - Pitching for Pensacola Blue Wahoos : LHP Dave Schmidt
|
|
Batting: LHB Teko van de Sande
|
0-0: Ball 1-0: Ball 2-0: Ball 3-0: Called Strike 3-1: Foul Ball, location: 2F 3-2: Foul Ball, location: 2F 3-2: Foul Ball, location: 2F 3-2: Ground out 4-3 (Groundball, 4, EV 86.9 MPH)
|
|
Batting: RHB Roberto Monzon
|
0-0: Ball 1-0: Foul Ball, location: 2F 1-1: Foul Ball, location: 2F 1-2: Ball 2-2: Ball 3-2: DOUBLE (Groundball, 5L, EV 105.0 MPH)
|
|
Batting: RHB Dave McBain
|
0-0: Fly out, F7 (Line Drive, 78M, EV 108.8 MPH)
|
|
Batting: RHB Freddie Brown
|
0-0: Ball 1-0: Swinging Strike 1-1: Ball 2-1: Swinging Strike 2-2: SINGLE (Groundball, 4MD, EV 99.4 MPH) Roberto Monzon to third
|
|
Batting: RHB Mike Maserang
|
0-0: Ball 1-0: Fly out, F8 (Line Drive, 8RD, EV 87.5 MPH)
|
| Bottom of the 2nd over - 0 runs, 2 hits, 0 errors, 2 left on base; Pensacola 0 - San Antonio 2 |
| TOP OF THE 3RD |
|
Pensacola Blue Wahoos batting - Pitching for San Antonio Missions : LHP Luis Sanchez
|
|
Batting: LHB Brian Snyder
|
0-0: Called Strike 0-1: Ball 1-1: Ball 2-1: Foul Ball, location: 2F 2-2: Strikes out swinging
|
|
Batting: RHB Pat Mage
|
0-0: Ball 1-0: Called Strike 1-1: Called Strike 1-2: Strikes out swinging
|
|
Batting: LHB Phil Lomax
|
0-0: Called Strike 0-1: Ground out U3 (Groundball, 34S, EV 81.2 MPH)
|
| Top of the 3rd over - 0 runs, 0 hits, 0 errors, 0 left on base; Pensacola 0 - San Antonio 2 |
| BOTTOM OF THE 3RD |
|
San Antonio Missions batting - Pitching for Pensacola Blue Wahoos : LHP Dave Schmidt
|
|
Batting: RHB John Freeman
|
0-0: Called Strike 0-1: Ground out 6-3 (Groundball, 6, EV 107.5 MPH)
|
|
Batting: RHB Jaden Scott
|
0-0: Ball 1-0: Called Strike 1-1: Ball 2-1: DOUBLE (Flyball, 89XD, EV 110.0 MPH)
|
|
Batting: RHB Adrian Martinelli
|
0-0: Ground out 5-3 (Groundball, 56S, EV 85.6 MPH)
|
|
Batting: RHB Joe Weissman
|
0-0: Foul Ball, location: 2F 0-1: Swinging Strike 0-2: Strikes out looking
|
| Bottom of the 3rd over - 0 runs, 1 hit, 0 errors, 1 left on base; Pensacola 0 - San Antonio 2 |
| TOP OF THE 4TH |
|
Pensacola Blue Wahoos batting - Pitching for San Antonio Missions : LHP Luis Sanchez
|
|
Batting: RHB Tony Casas
|
0-0: Called Strike 0-1: Foul Ball, location: 2F 0-2: Strikes out swinging
|
|
Batting: RHB Sang-ton Pak
|
0-0: Ball 1-0: Ground out 4-3 (Groundball, 4, EV 79.4 MPH)
|
|
Batting: RHB Mike Alm
|
0-0: Ball 1-0: Ball 2-0: Swinging Strike 2-1: Foul Ball, location: 2F 2-2: Ball 3-2: Strikes out swinging
|
| Top of the 4th over - 0 runs, 0 hits, 0 errors, 0 left on base; Pensacola 0 - San Antonio 2 |
| BOTTOM OF THE 4TH |
|
San Antonio Missions batting - Pitching for Pensacola Blue Wahoos : LHP Dave Schmidt
|
|
Batting: LHB Teko van de Sande
|
0-0: Called Strike 0-1: Ball 1-1: Fly out, F7 (Flyball, 7S, EV 75.6 MPH)
|
|
Batting: RHB Roberto Monzon
|
0-0: SINGLE (Line Drive, 89M, EV 93.8 MPH)
|
|
Batting: RHB Dave McBain
|
0-0: Ball 1-0: Foul Ball, location: 2F 1-1: Grounds into double play, 4-6-3 (Groundball, 4M, EV 108.1 MPH)
|
| Bottom of the 4th over - 0 runs, 1 hit, 0 errors, 0 left on base; Pensacola 0 - San Antonio 2 |
| TOP OF THE 5TH |
|
Pensacola Blue Wahoos batting - Pitching for San Antonio Missions : LHP Luis Sanchez
|
|
Batting: RHB Juan Reyes
|
0-0: Ball 1-0: Swinging Strike 1-1: Ball 2-1: Called Strike 2-2: Ball 3-2: Fly out, F8 (Flyball, 8RM, EV 90.6 MPH)
|
|
Batting: RHB Jordan Torres
|
0-0: Hit by Pitch
|
|
Batting: RHB Joe Kooyers
|
0-0: Grounds into double play, 6-4-3 (Groundball, 6, EV 85.6 MPH)
|
| Top of the 5th over - 0 runs, 0 hits, 0 errors, 0 left on base; Pensacola 0 - San Antonio 2 |
| BOTTOM OF THE 5TH |
|
San Antonio Missions batting - Pitching for Pensacola Blue Wahoos : LHP Dave Schmidt
|
|
Batting: RHB Freddie Brown
|
0-0: Ball 1-0: Ball 2-0: Ball 3-0: Base on Balls
|
|
Batting: RHB Mike Maserang
|
0-0: Foul Ball, location: 2F 0-1: Foul Ball, location: 2F 0-2: Ball 1-2: Ball 2-2: Fly out, F7 (Flyball, 7, EV 86.2 MPH)
|
|
Batting: RHB John Freeman
|
0-0: Ball 1-0: Ball 2-0: SINGLE (Groundball, 56D, EV 96.2 MPH) Freddie Brown to second
|
|
Batting: RHB Jaden Scott
|
0-0: Called Strike 0-1: Ball 1-1: Ball 2-1: Foul Ball, location: 2F 2-2: Ball 3-2: Fielders Choice at 2nd, 1-6 (Groundball, 13, EV 71.2 MPH) Freddie Brown to third
|
|
Batting: RHB Adrian Martinelli
|
0-0: Called Strike 0-1: Ball 1-1: Ball 2-1: Ball 3-1: Swinging Strike 3-2: Base on Balls Jaden Scott to second
|
|
Batting: RHB Joe Weissman
|
0-0: Foul Ball, location: 2F 0-1: Foul Ball, location: 2F 0-2: Ball 1-2: Ball 2-2: Ball 3-2: Foul Ball, location: 2F 3-2: Fly out, F7 (Flyball, 7D, EV 100.6 MPH)
|
| Bottom of the 5th over - 0 runs, 1 hit, 0 errors, 3 left on base; Pensacola 0 - San Antonio 2 |
| TOP OF THE 6TH |
|
Pensacola Blue Wahoos batting - Pitching for San Antonio Missions : LHP Luis Sanchez
|
|
Batting: LHB Brian Snyder
|
0-0: Called Strike 0-1: Foul Ball, location: 2F 0-2: Ball 1-2: Strikes out swinging
|
|
Batting: RHB Pat Mage
|
0-0: Ball 1-0: Ground out 5-3 (Groundball, 56S, EV 79.4 MPH)
|
|
Batting: LHB Phil Lomax
|
0-0: Called Strike 0-1: Ground out 4-3 (Groundball, 4, EV 101.9 MPH)
|
| Top of the 6th over - 0 runs, 0 hits, 0 errors, 0 left on base; Pensacola 0 - San Antonio 2 |
| BOTTOM OF THE 6TH |
|
San Antonio Missions batting - Pitching for Pensacola Blue Wahoos : LHP Dave Schmidt
|
|
Pitching: RHP Calisto Morda
|
|
|
Batting: LHB Teko van de Sande
|
0-0: Called Strike 0-1: Ball 1-1: Ball 2-1: Fly out, F4 (Line Drive, 4, EV 68.1 MPH)
|
|
Batting: RHB Roberto Monzon
|
0-0: Ball 1-0: Called Strike 1-1: Called Strike 1-2: Foul Ball, location: 2F 1-2: Strikes out looking
|
|
Batting: RHB Dave McBain
|
0-0: Called Strike 0-1: Ball 1-1: Called Strike 1-2: Foul Ball, location: 2F 1-2: Foul Ball, location: 2F 1-2: Ball 2-2: Foul Ball, location: 2F 2-2: Ball 3-2: Foul Ball, location: 2F 3-2: Strikes out swinging
|
| Bottom of the 6th over - 0 runs, 0 hits, 0 errors, 0 left on base; Pensacola 0 - San Antonio 2 |
| TOP OF THE 7TH |
|
Pensacola Blue Wahoos batting - Pitching for San Antonio Missions : LHP Luis Sanchez
|
|
Batting: RHB Tony Casas
|
0-0: Ball 1-0: Ground out 6-3 (Groundball, 6, EV 91.9 MPH)
|
|
Batting: RHB Sang-ton Pak
|
0-0: Swinging Strike 0-1: Ball 1-1: SINGLE (Groundball, 3S, EV 65.0 MPH) (infield hit)
|
|
Batting: RHB Mike Alm
|
0-0: Ball 1-0: Ball 2-0: Fielders Choice at 2nd, 5-4 (Groundball, 5, EV 79.4 MPH)
|
|
Batting: RHB Juan Reyes
|
0-0: Ball 1-0: Called Strike 1-1: Ball 2-1: Fielders Choice at 2nd, 5-4 (Groundball, 5L, EV 77.5 MPH)
|
| Top of the 7th over - 0 runs, 1 hit, 0 errors, 1 left on base; Pensacola 0 - San Antonio 2 |
| BOTTOM OF THE 7TH |
|
San Antonio Missions batting - Pitching for Pensacola Blue Wahoos : RHP Calisto Morda
|
|
Pitching: RHP Chris Miles
|
|
|
Batting: RHB Freddie Brown
|
0-0: Ball 1-0: Called Strike 1-1: Ball 2-1: Foul Ball, location: 2F 2-2: Ground out 5-3 (Groundball, 56, EV 85.0 MPH)
|
|
Batting: RHB Mike Maserang
|
0-0: Ball 1-0: Ground out 6-3 (Groundball, 6, EV 85.6 MPH)
|
|
Batting: RHB John Freeman
|
0-0: Ball 1-0: Foul Ball, location: 2F 1-1: Foul Ball, location: 2F 1-2: Ball 2-2: Ball 3-2: Foul Ball, location: 2F 3-2: Base on Balls
|
|
Batting: RHB Jaden Scott
|
0-0: Called Strike 0-1: Foul Ball, location: 2F 0-2: Strikes out swinging
|
| Bottom of the 7th over - 0 runs, 0 hits, 0 errors, 1 left on base; Pensacola 0 - San Antonio 2 |
| TOP OF THE 8TH |
|
Pensacola Blue Wahoos batting - Pitching for San Antonio Missions : LHP Luis Sanchez
|
|
Batting: RHB Jordan Torres
|
0-0: Hit by Pitch
|
|
Batting: RHB Joe Kooyers
|
0-0: Called Strike 0-1: Foul Ball, location: 2F 0-2: Foul Ball, location: 2F 0-2: Ball 1-2: Ball 2-2: Foul Ball, location: 2F 2-2: Foul Ball, location: 2F 2-2: Strikes out swinging
|
|
Batting: LHB Brian Snyder
|
0-0: Ball 1-0: Ball 2-0: Ball 3-0: Called Strike 3-1: Swinging Strike 3-2: Strikes out swinging
|
|
Batting: RHB Pat Mage
|
0-0: Called Strike 0-1: Ball 1-1: Swinging Strike 1-2: Strikes out swinging
|
| Top of the 8th over - 0 runs, 0 hits, 0 errors, 1 left on base; Pensacola 0 - San Antonio 2 |
| BOTTOM OF THE 8TH |
|
San Antonio Missions batting - Pitching for Pensacola Blue Wahoos : RHP Chris Miles
|
|
Pitching: LHP Bob Hale
|
|
|
Batting: RHB Adrian Martinelli
|
0-0: Ball 1-0: Ball 2-0: Called Strike 2-1: Called Strike 2-2: Ball 3-2: Strikes out swinging
|
|
Batting: RHB Joe Weissman
|
0-0: Ball 1-0: Swinging Strike 1-1: Swinging Strike 1-2: Strikes out swinging
|
|
Batting: LHB Teko van de Sande
|
0-0: Ground out 4-3 (Groundball, 4M, EV 84.4 MPH)
|
| Bottom of the 8th over - 0 runs, 0 hits, 0 errors, 0 left on base; Pensacola 0 - San Antonio 2 |
| TOP OF THE 9TH |
|
Pensacola Blue Wahoos batting - Pitching for San Antonio Missions : LHP Luis Sanchez
|
|
Pitching: RHP Colin Dorsey
|
|
|
Batting: LHB Phil Lomax
|
0-0: Called Strike 0-1: Ground out 4-3 (Groundball, 4, EV 87.5 MPH)
|
|
Batting: RHB Tony Casas
|
0-0: Called Strike 0-1: Ball 1-1: Foul Ball, location: 2F 1-2: Fly out, F4 (Popup, 4, EV 63.8 MPH)
|
|
Batting: RHB Sang-ton Pak
|
0-0: Foul Ball, location: 2F 0-1: Ball 1-1: Fly out, F3 (Popup, 3S, EV 70.0 MPH)
|
| Top of the 9th over - 0 runs, 0 hits, 0 errors, 0 left on base; Pensacola 0 - San Antonio 2 |
|